 Dungeon Crawl Stone Soup version 0.26-a0-1129-gc5df7fbe6a (webtiles) character file.

Game seed: 676479547150512178

2211 Essalna the Chiller (level 9, -5/53 HPs)
             Began as a Gargoyle Ice Elementalist on Dec 18, 2020.
             Was a Follower of Vehumet.
             Slain by an orc warrior
             ... wielding a +3 battleaxe of flaming
              (30 damage)
             ... on level 7 of the Dungeon.
             The game lasted 00:24:45 (6697 turns).

Essalna the Chiller (Gargoyle Ice Elementalist)     Turns: 6697, Time: 00:24:46

Health: -5/53      AC: 20    Str: 17    XL:     9   Next: 35%
Magic:  8/17       EV: 13    Int: 20    God:    Vehumet [*.....]
Gold:   331        SH:  0    Dex: 10    Spells: 7/18 levels left

rFire    . . .     SeeInvis .   A - +8 whip of Plog {freeze, Stlth+}
rCold    . . .     Faith    .   (no shield)
rNeg     + . .     Spirit   .   c - +0 troll leather armour {Purgy}
rPois    ∞         Reflect  .   (no helmet)
rElec    +         Harm     .   i - +1 cloak
rCorr    .         Rampage  .   y - +0 pair of gloves
Will     +....                  (no boots)
Stlth    +++.......             (no amulet)
HPRegen  0.57/turn              j - ring of willpower
MPRegen  0.15/turn              l - +6 ring of strength

@: icy armour, frozen ramparts
A: negative energy resistance 1, electricity resistance, unbreathing,
petrification resistance, miasma immunity, AC +6
a: Renounce Religion


You were on level 7 of the Dungeon.
You worshipped Vehumet.
Vehumet was aware of your devotion.
You visited 2 branches of the dungeon, and saw 8 of its levels.
You also visited: Sewer.

You collected 344 gold pieces.
You spent 13 gold pieces at shops.

Inventory:

Hand Weapons
 d - a +0 dagger
 q - a +1 hand axe of flaming
 A - the +8 whip of Plog (weapon) {freeze, Stlth+}
   (You found it on level 6 of the Dungeon)

   It has been specially enchanted to freeze those struck by it, causing extra
   injury to most foes and up to half again as much damage against particularly
   susceptible opponents.
   It can also slow down cold-blooded creatures.
   It makes you more stealthy.
 D - a +3 dagger of electrocution
Missiles
 h - 2 silver boomerangs
Armour
 a - a +0 robe
 c - a +0 troll leather armour (worn) {Purgy}
 i - a +1 cloak (worn)
 y - a +0 pair of gloves (worn)
Magical Staves
 p - an uncursed staff of conjuration
Jewellery
 j - a ring of willpower (left hand)
 l - a +6 ring of strength (right hand)
 r - a cursed -4 ring of dexterity
Wands
 x - a wand of iceblast (9)
 G - a wand of digging (5)
Scrolls
 b - 4 scrolls of teleportation
 e - 4 scrolls of fog {unknown}
 f - 6 scrolls of identify
 n - 2 scrolls of magic mapping
 u - 2 scrolls of random uselessness {unknown}
 E - a scroll of amnesia
 F - a scroll of remove curse
 I - 3 scrolls of noise {unknown}
Potions
 g - 2 potions of flight {unknown}
 k - a potion of magic {unknown}
 m - a potion of cancellation
 o - 2 potions of degeneration
 s - 2 potions of might {unknown}
 t - 3 potions of heal wounds
 v - 4 potions of haste {unknown}
 w - 2 potions of lignification {unknown}
 z - a potion of attraction {unknown}
 B - a potion of berserk rage {unknown}
 C - a potion of mutation {unknown}
 H - a potion of brilliance {unknown}


   Skills:
 + Level 4.9 Fighting
 + Level 2.7 Maces & Flails
 + Level 4.9 Armour
 + Level 4.2 Dodging
 - Level 2.1 Stealth
 + Level 5.4 Spellcasting
 + Level 7.5 Ice Magic


You had 7 spell levels left.
You knew the following spells:

 Your Spells              Type           Power        Failure   Level
a - Freeze                Ice            100%         1%          1
b - Frozen Ramparts       Ice            70%          1%          3
c - Ozocubu's Armour      Ice            35%          1%          3
d - Hailstorm             Conj/Ice       20%          28%         4

Your spell library contained the following spells:

 Spells                   Type           Power        Failure   Level
 Foxfire                  Conj/Fire      20%          13%         1
 Summon Ice Beast         Ice/Summ       20%          28%         4


Dungeon Overview and Level Annotations

Branches:
Dungeon (7/15)             Temple (1/1) D:5           Sewer (visited)

Altars:
Ashenzari
Cheibriados
Dithmenos
Elyvilon
Fedhas
Gozag
Hepliaklqana
Makhleb
Okawaru
Qazlal
Ru
Sif Muna
Trog
Uskayaw
Vehumet
Wu Jian
Xom
The Shining One

Shops:
D:4 !   D:6 =

Annotations:
D:7 1 transporter, qipq's ghost, amateur GnFi


Innate Abilities, Weirdness & Mutations

You are resistant to torment.
Your stone body is resilient. (AC +6)
You are immune to poison.
You resist negative energy. (rN+)
You are resistant to electric shocks. (rElec)
You can survive without breathing.
You are immune to petrification.
You are immune to miasma.


Message History

The big kobold rages.
The moth of wrath goads something on!
You hear a shout!
Casting: Ozocubu's Armour (safe; 1% risk of failure)
Confirm with . or Enter, or press ? or * to list all spells.
Casting: Frozen Ramparts (safe; 1% risk of failure)
Press: ? - help, Dir - look around, f - activate The walls around you are covered in ice.
The wall freezes the big kobold.
The big kobold hits you but does no damage.
The wall freezes the orc warrior.
The orc warrior hits you with a +3 battleaxe of flaming!
The orc warrior burns you!
The wall freezes the big kobold.
The big kobold hits you with a +0 whip.
Casting: Frozen Ramparts (safe; 1% risk of failure)
Confirm with . or Enter, or press ? or * to list all spells.
A film of ice covers your body!
The wall freezes the orc warrior.
The orc warrior hits you with a +3 battleaxe of flaming!!
Ouch! That really hurt!
You die...

#)#......... .###.######
#.#.## ### #..## ##....
#.## #.. #### #.# ..
...## ..# ##.# ... # #.#
#..# # #.## .#
#.###.##.#≈# #@##.##
......#...#$.§§#oK#..##
.....©#K...[_K.Wy©#©..#
......#...#(.W....#...#
...##.##..#≈#....##.#....
#.###..#..# #....# .# ###
#.# ##.# #g.....## # #.#
.. #.©.## #+ #.. ####


You could see a moth of wrath, an orc warrior (berserk), a big kobold (berserk)
and qipq's ghost.

Vanquished Creatures
  Joseph (D:7)
  Maggie (D:6)
  Purgy (Sewer)
  An ice beast (D:7)
  A bullfrog (D:6)
  A scorpion (D:5)
  The ghost of rlgrobin the Sneak, a weakling KoDe of Wu Jian (D:3)
  4 quasits (D:3)
  7 hounds
  4 orc priests
  A gnoll shaman (D:5)
  10 orc wizards
  An iguana (D:4)
  5 worker ants
  5 gnolls
  11 adders
  A river rat (D:5)
  A white imp (D:4)
  An ufetubus (D:6)
  2 oozes
  3 worms
  2 dart slugs (D:1)
  2 leopard geckos
  35 orcs
  3 ball pythons
  7 giant cockroaches
  4 goblins
  7 hobgoblins
  6 jackals
  4 quokkas
  4 bats
  12 frilled lizards
  A goblin skeleton (D:4)
  2 hobgoblin zombies (D:4)
  13 kobolds
  4 kobold skeletons (D:4)
  A kobold zombie (D:4)
  2 leopard gecko zombies
  4 orc skeletons (D:4)
  2 orc zombies (D:4)
  A quokka zombie (D:5)
  10 rats
189 creatures vanquished.

Vanquished Creatures (others)
  A wizard (D:4)
1 creature vanquished.

Grand Total: 190 creatures vanquished

Notes
Turn   | Place    | Note
-------+----------+-------------------------------------------
     0 | D:1      | Essalna the Gargoyle Ice Elementalist began the quest for
                  | the Orb.
     0 | D:1      | Reached XP level 1. HP: 10/10 MP: 3/3
   383 | D:1      | Reached XP level 2. HP: 15/15 MP: 1/5
   656 | D:1      | Reached XP level 3. HP: 6/19 MP: 0/6
  1921 | D:2      | Learned a level 3 spell: Frozen Ramparts
  1925 | D:2      | Learned a level 3 spell: Ozocubu's Armour
  2024 | D:2      | Reached skill level 5 in Ice Magic
  2024 | D:2      | Reached XP level 4. HP: 21/24 MP: 6/8
  2062 | D:2      | Found a snail-covered altar of Cheibriados.
  2185 | D:2      | Found a bloodstained altar of Trog.
  2186 | D:2      | Found an iron altar of Okawaru.
  2201 | D:2      | Noticed a +0 hand axe
  2202 | D:2      | Noticed a +0 hand axe
  2204 | D:2      | Found a hide-covered altar of Uskayaw.
  2400 | D:3      | Found a shimmering altar of Xom.
  2611 | D:3      | Reached XP level 5. HP: 17/28 MP: 5/9
  2898 | D:3      | Reached skill level 1 in Armour
  2898 | D:3      | Reached XP level 6. HP: 33/33 MP: 6/11
  2901 | D:3      | Reached skill level 1 in Fighting
  3031 | D:3      | Found a transporter.
  3032 | D:3      | Noticed rlgrobin's ghost (weakling KoDe)
  3044 | D:3      | Found a transporter.
  3056 | D:3      | Reached skill level 6 in Ice Magic
  3092 | D:3      | Killed rlgrobin's ghost
  3096 | D:3      | Reached XP level 7. HP: 29/40 MP: 7/12
  4022 | D:4      | Found a bloodstained altar of Trog.
  4023 | D:4      | Noticed a wizard
  4028 | D:4      | Killed a wizard
  4052 | D:4      | Found Oboyh's Distillery.
  4060 | D:4      | Bought a potion of degeneration for 13 gold pieces
  4400 | D:4      | Found a glowing golden altar of the Shining One.
  4477 | D:4      | Reached XP level 8. HP: 33/46 MP: 10/14
  4598 | D:4      | Learned a level 4 spell: Hailstorm
  4697 | D:5      | Entered Level 5 of the Dungeon
  4719 | D:5      | Found a glowing drain.
  4737 | Sewer    | Entered a sewer
  4793 | Sewer    | Noticed Purgy
  4802 | Sewer    | Killed Purgy
  5286 | D:5      | Found a blossoming altar of Fedhas.
  5307 | D:5      | Found a hazy altar of Hepliaklqana.
  5310 | D:5      | Found an opulent altar of Gozag.
  5313 | D:5      | Found a shimmering blue altar of Sif Muna.
  5689 | D:5      | Found a staircase to the Ecumenical Temple.
  5696 | Temple   | Entered the Ecumenical Temple
  5730 | Temple   | Became a worshipper of Vehumet
  5871 | D:5      | Found an ornate altar of the Wu Jian Council.
  6047 | D:6      | Found a sacrificial altar of Ru.
  6083 | D:6      | Got a warped whip
  6084 | D:6      | Identified the +8 whip of Plog {freeze, Stlth+} (You found
                  | it on level 6 of the Dungeon)
  6178 | D:6      | Reached skill level 7 in Ice Magic
  6233 | D:6      | Reached skill level 1 in Maces & Flails
  6265 | D:6      | Noticed Maggie
  6282 | D:6      | Killed Maggie
  6283 | D:6      | Reached skill level 5 in Spellcasting
  6283 | D:6      | Reached XP level 9. HP: 46/52 MP: 14/16
  6356 | D:6      | Found Ficav's Jewellery Shop.
  6520 | D:7      | Reached * piety under Vehumet
  6520 | D:7      | Offered knowledge of Foxfire by Vehumet.
  6589 | D:7      | Noticed Joseph
  6603 | D:7      | Killed Joseph
  6686 | D:7      | Found a transporter.
  6690 | D:7      | Found a bloodstained altar of Trog.
  6690 | D:7      | Found a transporter.
  6690 | D:7      | Noticed qipq's ghost (amateur GnFi)
  6693 | D:7      | Noticed a cyclops
  6693 | D:7      | Noticed a moth of wrath
  6697 | D:7      | Slain by an orc warrior

Illustrated notes

Levels and vault maps discovered:
D:1:      minmay_arrival_stair_chambers, layout_loops_corners
D:2:      layout_rooms, marbit_many_paths, dancing_weapons_uskayaw,
          gammafunk_temple_overflow_pools
D:3:      layout_basic, general_overflow_altar, gammafunk_ghost_stat_death,
          grunt_ministairs_11, cheibrodos_gnoll_hut
D:4:      layout_cave_pools, nicolae_tso_besieged_by_evil, serial_shops, shop,
          serial_column_ruins, column_ruins_open_small,
          column_ruins_open_medium, column_ruins_columns_water,
          column_ruins_open_medium, column_ruins_columns_straight,
          column_ruins_corridor_straight, trog_wizard
D:5:      layout_basic, overflow_temple_1_default,
          grunt_temple_overflow_cloverleaf,
          minmay_temple_entry_drinking_statues, portal_sewer_entry_c
D:6:      layout_rooms, hangedman_ru_absence, serial_shops, shop, uniq_maggie
D:7:      layout_loops_corners, gammafunk_ghost_wrathful_warriors, uniq_joseph
Temple:   jpeg_temple_alley_garden

Skill      XL: |  1  2  3  4  5  6  7  8  9 |
---------------+----------------------------+-----
Ice Magic      | 5 6 7 |  7.5
Spellcasting   | 3 4 5 |  5.4
Armour         | 1 2 3 4 |  4.9
Fighting       | 2 3 4 |  4.9
Dodging        | 2 3 4 |  4.2
Maces & Flails | 1 2 |  2.7
Stealth        | |  2.1

Action                   |  1- 3 |  4- 6 |  7- 9 || total
-------------------------+-------+-------+-------++-------
Melee: Unarmed           |    23 |       |       ||    23
       Dagger            |    49 |    44 |       ||    93
       Hand axe          |       |    18 |   218 ||   236
       Whip              |       |       |    69 ||    69
 Cast: Freeze            |    40 |    18 |       ||    58
       Frozen Ramparts   |       |     7 |    11 ||    18
       Ozocubu's Armour  |       |     1 |     8 ||     9
  Use: Scroll            |       |       |     7 ||     7
 Stab: Sleeping          |     3 |       |     5 ||     8
Armor: Robe              |    29 |   101 |    92 ||   222
       Troll leather arm |       |       |    79 ||    79
Dodge: Dodged            |    53 |   117 |   199 ||   369

Table legend: (Time is in decaauts)
 A = Elapsed time spent in this place.
 B = Non-inter-level travel time spent in this place.
 C = Inter-level travel time spent in this place.
 D = Time resting spent in this place.
 E = Time spent auto-exploring this place.
 F = Levels seen in this place.
 G = Mean time per level.
                   A        B        C        D        E       F      G
               +--------+--------+--------+--------+--------+-----+--------+
         Total |   6810 |   6683 |    127 |      0 |   5314 |   9 |  756.7 |
       Dungeon |   6474 |   6375 |     99 |      0 |   5102 |   7 |  924.9 |
        Temple |     63 |     35 |     28 |      0 |     25 |   1 |   63.0 |
         Sewer |    272 |    272 |      0 |      0 |    187 |   1 |  272.0 |
               +--------+--------+--------+--------+--------+-----+--------+

Top non-repeatable levels by time:
     D:1: 1449 daAuts
     D:3: 1361 daAuts
     D:4: 1092 daAuts
     D:5: 1071 daAuts
     D:2: 840 daAuts
     D:6: 463 daAuts
   Sewer: 272 daAuts
     D:7: 195 daAuts
  Temple: 63 daAuts
